 Dungeon Crawl Stone Soup version 0.29-a0-563-g64e4043184 (webtiles) character file.

Game seed: 10172504532295935314

268 spaghetti the Grave Robber (level 6, -2/42 (45) HPs)
             Began as a Hill Orc Necromancer on June 12, 2022.
             Slain by a wight
             ... wielding a +3 battleaxe
              (12 damage)
             ... on level 6 of the Dungeon.
             The game lasted 00:04:54 (3646 turns).

spaghetti the Grave Robber (Hill Orc Necromancer)   Turns: 3646, Time: 00:04:55

HP:   -2/42 (45)    AC:  6    Str: 13 (14) XL:     6   Next: 21%
MP:   17/17         EV: 11    Int: 20 (23) God:
Gold: 87            SH:  0    Dex:  9 (11) Spells: 4/8 levels left

rFire   . . .      SeeInvis .   C - +2 dagger (drain) {short}
rCold   + . .      Faith    .   (no shield)
rNeg    . . .      Spirit   .   F - +1 robe of the Red God {Str+3}
rPois   .          Reflect  .   E - +1 helmet of Puusyloz {Contam rC+ Will+}
rElec   .          Harm     .   H - +0 cloak
rCorr   .          Rampage  .   (no gloves)
Will    +....                   (no boots)
Stlth   +.........              (no amulet)
HPRegen 0.14/turn               u - +6 ring of intelligence
MPRegen 0.15/turn               h - ring of magical power

@: drained
A: no striking features
a: no special abilities


You were on level 6 of the Dungeon.
You visited 1 branch of the dungeon, and saw 4 of its levels.

You collected 87 gold pieces.


   Skills:
 - Level 1.5 Dodging
 - Level 1.5 Stealth
 - Level 1.5 Spellcasting
 + Level 7.3 Necromancy


You had 4 spell levels left.
You knew the following spells:

 Your Spells              Type           Power      Damage    Failure   Level
a - Necrotize             Necr           100%       1d9       1%          1
b - Vampiric Draining     Necr           30%        2d8       2%          3

Your spell library contained the following spells:

 Spells                   Type           Power      Damage    Failure   Level
 Animate Dead             Necr           30%        N/A       9%          4
 Blink                    Tloc           2%         N/A       26%         2
 Summon Ice Beast         Ice/Summ       1%         N/A       86%         4
 Agony                    Necr           30%        N/A       22%         5
 Manifold Assault         Tloc           1%         N/A       99%         5
 Summon Mana Viper        Hex/Summ       1%         N/A       99%         5
 Monstrous Menagerie      Summ           0%         N/A       100%        7
 Storm Form               Tmut/Air       0%         N/A       100%        7

Inventory:

Hand Weapons
 e - a +1 mace {mace}
   (You found it on level 1 of the Dungeon)
 f - a +0 hunting sling {sling}
   (You found it on level 1 of the Dungeon)
 i - a +0 short sword {short}
   (You took it off a kobold on level 1 of the Dungeon)
 k - a +0 dagger {short}
   (You took it off a goblin on level 1 of the Dungeon)
 l - a +0 dagger {short}
   (You took it off a goblin on level 1 of the Dungeon)
 n - a +0 whip {mace}
   (You found it on level 1 of the Dungeon)
 p - a +0 club {mace}
   (You took it off a goblin on level 1 of the Dungeon)
 t - a +0 club {mace}
   (You found it on level 2 of the Dungeon)
 v - a +0 falchion {long}
   (You found it on level 2 of the Dungeon)
 x - a +0 whip {mace}
   (You found it on level 2 of the Dungeon)
 A - a +0 spear {polearm}
   (You found it on level 2 of the Dungeon)
 C - a +2 dagger of draining (weapon) {short}
   (You took it off a goblin on level 2 of the Dungeon)
 D - a +0 dagger {short}
   (You took it off a goblin on level 2 of the Dungeon)
 G - a +2 quarterstaff of chaos {staff}
   (You took it off Crazy Yiuf on level 2 of the Dungeon)
Missiles
 d - 89 stones (quivered) {throwing}
 r - 6 boomerangs {throwing}
 z - 2 poisoned darts {throwing}
Armour
 a - a +0 robe
 E - the +1 helmet of Puusyloz (worn) {Contam rC+ Will+}
   (You took it off Robin on level 2 of the Dungeon)

   rC:        It protects you from cold.
   Contam:    It causes magical contamination when unequipped.
   Will:      It increases your willpower.
 F - the +1 robe of the Red God (worn) {Str+3}
   (You found it on level 2 of the Dungeon)

   Str:       It affects your strength (+3).
 H - a +0 cloak (worn)
   (You took it off Crazy Yiuf on level 2 of the Dungeon)
Jewellery
 b - a +6 ring of strength
   (You found it on level 2 of the Dungeon)
 c - a +4 ring of protection
   (You found it on level 1 of the Dungeon)
 h - a ring of magical power (right hand)
   (You found it on level 1 of the Dungeon)
 u - a +6 ring of intelligence (left hand)
   (You found it on level 2 of the Dungeon)
Wands
 y - a wand of flame (30)
   (You found it on level 2 of the Dungeon)
Scrolls
 g - a scroll of enchant armour {unknown}
 j - a scroll of fog {unknown}
 m - a scroll of immolation {unknown}
 o - a scroll of noise {unknown}
 q - 8 scrolls of identify {unknown}
 w - a scroll of enchant weapon
 I - 2 scrolls of teleportation {unknown}
 M - a scroll of summoning {unknown}
Potions
 s - 3 potions of attraction {unknown}
 B - a potion of berserk rage {unknown}
 K - 2 potions of magic

Dungeon Overview and Level Annotations

Branches:
Dungeon (3/15)

Altars:
Wu Jian

##. ##.###....##
...#...#.....# ##
#..........# ### #.#
...#.........###..##...
..............##........
..............##........
............####........
.##.....)...##..z......#
...............@)z...#
........................
.................#####..
#.................#
.#................#
##................#
....#.............
.#####............


You could see 2 wights.


Message History

You are too injured to fight recklessly!
Unknown command.
Unknown command.
Casting: Necrotize (safe; 1% risk of failure)
Confirm with . or Enter, or press ? or * to list all spells.
Aiming: Vampiric Draining (dangerous; 2% risk of failure)
Press: ? - help, Shift-Dir - straight line, f - ice beast
Aim: an ice beast (lightly wounded, lightly drained)
You draw life force from the ice beast!
You feel life coursing into your body.
The ice beast hits you but does no damage. 😎 HP[+3] MP[-3]
Your hp is fully restored (38).
You lost 3 mp, and now have 13/16 mp.
Casting: Vampiric Draining (dangerous; 2% risk of failure)
Confirm with . or Enter, or press ? or * to list all spells.
Aiming: Vampiric Draining (dangerous; 2% risk of failure)
Press: ? - help, Shift-Dir - straight line, f/p - ice beast
Aim: an ice beast (heavily wounded, lightly drained)
You draw life force from the ice beast!
You kill the ice beast!
Your Necromancy skill increases to level 7!
You have reached level 6! 😎 HP[+7] MP[-3]
You now have 45 max hp (+7).
Your hp is fully restored (45).
You lost 3 mp, and now have 10/17 mp.
M - a scroll labelled ULUGGONWAW You pick up an Inescapable Atlas and begin reading...
You add the spells Blink, Manifold Assault and Storm Form to your library. 😎 MP[+7]
Your mp is fully restored (17).
A wight comes into view.
It is wielding a +4 halberd of freezing.
A wight is nearby!
A wight is nearby!
Okay, then.
A wight comes into view. It is wielding a +3 battleaxe.
The wight hits you with a +4 halberd of freezing!
You feel drained. The wight freezes you. 😕 HP[-11]
You now have 43 max hp (-2).
You take 11 damage, and now have 34/43 hp.
MASSIVE DAMAGE!! (PAUSE)
Casting: Vampiric Draining (safe; 1% risk of failure)
Confirm with . or Enter, or press ? or * to list all spells.
You can't see any susceptible monsters within range! (Use Z to cast anyway.) Unknown command.
Unknown command.
Aiming: Throw Flame
Press: ? - help, Shift-Dir - straight line, f - wight
Aim: a wight, wielding a +4 halberd of freezing and wearing a +0 robe (68% to hit)
The puff of flame hits the wight!
Aiming: Throw Flame
Press: ? - help, Shift-Dir - straight line, f/p - wight
Aim: a wight, wielding a +4 halberd of freezing and wearing a +0 robe (heavily damaged, 68% to hit)
The puff of flame misses the wight.
The puff of flame hits the wight but does no damage.
The wight barely misses you. 😕 HP[+1]
Aiming: Throw Flame
Press: ? - help, Shift-Dir - straight line, f/p - wight
Aim: a wight, wielding a +4 halberd of freezing and wearing a +0 robe (heavily damaged, 68% to hit)
The puff of flame hits the wight!
The wight hits you with a +3 battleaxe. The wight barely misses you. 😮 HP[-5]
You take 5 damage, and now have 30/43 hp.
Aiming: Throw Flame
Press: ? - help, Shift-Dir - straight line, f/p - wight
Aim: a wight, wielding a +4 halberd of freezing and wearing a +0 robe (heavily damaged, 68% to hit)
The puff of flame hits the wight.
The wight hits you with a +3 battleaxe!
* * * LOW HITPOINT WARNING * * *
The wight hits you from afar with a +4 halberd of freezing.
* * * LOW HITPOINT WARNING * * *
You feel drained.
* * * LOW HITPOINT WARNING * * *
The wight freezes you.
* * * LOW HITPOINT WARNING * * *
😱 HP[-20]
You now have 42 max hp (-1).
You take 20 damage, and now have 10/42 hp.
MASSIVE DAMAGE!! (PAUSE)
Aiming: Throw Flame
Press: ? - help, Shift-Dir - straight line, f/p - wight
Aim: a wight, wielding a +4 halberd of freezing and wearing a +0 robe (heavily damaged, 68% to hit)
The puff of flame hits the wight but does no damage.
The wight hits you from afar with a +4 halberd of freezing!
* * * LOW HITPOINT WARNING * * *
😱 HP[-9]
You take 9 damage, and now have 1/42 hp.
MASSIVE DAMAGE!! (PAUSE)
Okay, then.
It was a potion of heal wounds.
You feel much better.
The wight hits you with a +3 battleaxe!!
* * * LOW HITPOINT WARNING * * *
The wight closely misses you. 😱 HP[+9]
You regained 9 hp, and now have 10/42 hp.
It was a potion of degeneration.
There was something very wrong with that liquid.
You feel weakened.
You feel dopey.
You feel clumsy. The wight hits you with a +3 battleaxe!
You die...

Skill      XL: |  1  2  3  4  5 |
---------------+----------------+-----
Necromancy     | 5 6 7 |  7.3
Dodging        | |  1.5
Stealth        | |  1.5
Spellcasting   | |  1.5

Action                   |  1- 3 |  4- 6 || total
-------------------------+-------+-------++-------
Melee: Unarmed           |    85 |    11 ||    96
       Dagger            |       |    34 ||    34
 Cast: Necrotize         |    45 |    54 ||    99
       Vampiric Draining |       |     4 ||     4
Evoke: Wand              |       |     5 ||     5
  Use: Potion            |     1 |     2 ||     3
       Scroll            |     2 |       ||     2
 Stab: Sleeping          |     1 |       ||     1
Armor: Robe              |    62 |    30 ||    92
Dodge: Dodged            |    95 |    67 ||   162

Levels and vault maps discovered:
D:1:      ebering_hopf_link, layout_loops_ring, lemuel_flame_loot_1
D:2:      layout_loops_cross, hellmonk_ecumenical_altar_lost_god, basic_altar,
          minmay_tetromino_s2, uniq_crazy_yiuf_cottage, uniq_robin
D:3:      layout_rooms, uniq_ijyb
D:6:      layout_cave_pools

Notes
Turn   | Place    | Note
-------+----------+-------------------------------------------
     0 | D:1      | spaghetti the Hill Orc Necromancer began the quest for the
                  | Orb.
     0 | D:1      | Reached XP level 1. HP: 14/14 MP: 3/3
     0 | D:1      | magus.rc [v1.9.6]
   182 | D:1      | Reached XP level 2. HP: 18/20 MP: 0/4
  1497 | D:2      | Reached skill level 5 in Necromancy
  1497 | D:2      | Reached XP level 3. HP: 15/26 MP: 1/5
  1750 | D:2      | Reached XP level 4. HP: 10/33 MP: 1/6
  1970 | D:2      | Found a faded altar of an unknown god.
  2256 | D:2      | Learned a level 3 spell: Vampiric Draining
  2295 | D:2      | Found an ornate altar of the Wu Jian Council.
  2441 | D:2      | Found a runed translucent door.
  2442 | D:2      | Noticed Crazy Yiuf
  2576 | D:2      | You pick up a book of Beasts and begin reading...
  2576 | D:2      | You add the spells Summon Ice Beast, Summon Mana Viper and
                  | Monstrous Menagerie to your library.
  2599 | D:2      | Identified the +1 helmet of Puusyloz {Contam rC+ Will+}
  2599 | D:2      | Noticed Robin
  2615 | D:2      | Killed Robin
  2626 | D:2      | Reached skill level 6 in Necromancy
  2696 | D:2      | Identified the +1 robe of the Red God {Str+3}
  2969 | D:2      | HP: 3/33 [Crazy Yiuf/+2 quarterstaff of chaos (13)]
  2971 | D:2      | Killed Crazy Yiuf
  2972 | D:2      | Reached XP level 5. HP: 12/38 MP: 7/7
  3322 | D:3      | Noticed Ijyb
  3340 | D:3      | Killed Ijyb
  3558 | D:3      | You fall into a shaft and drop 3 floors!
  3572 | D:6      | Noticed an ice beast
  3580 | D:6      | Killed an ice beast
  3581 | D:6      | Reached skill level 7 in Necromancy
  3581 | D:6      | Reached XP level 6. HP: 45/45 MP: 8/8
  3632 | D:6      | You add the spells Blink, Manifold Assault and Storm Form
                  | to your library.
  3643 | D:6      | HP: 10/42 [wight/+4 halberd of freezing (1)]
  3644 | D:6      | HP: 1/42 [wight/+4 halberd of freezing (9)]
  3646 | D:6      | Slain by a wight

Vanquished Creatures
  An ice beast (D:6)
  Crazy Yiuf (D:2)
  Ijyb (D:3)
  Robin (D:2)
  3 adders (D:2)
  4 worms
  2 orcs (D:3)
  4 ball pythons
  7 bats
  7 endoplasms
  3 giant cockroaches
  10 goblins
  5 hobgoblins
  4 jackals (D:2)
  3 quokkas
  A frilled lizard (D:2)
  A kobold (D:1)
  2 rats
60 creatures vanquished.

Vanquished Creatures (collateral kills)
  An adder (D:2)
  A dart slug (D:3)
  A giant cockroach (D:1)
  A goblin (D:2)
4 creatures vanquished.

Grand Total: 64 creatures vanquished

Table legend:
 A = Non-vault XP
 B = Vault XP
 C = Vault XP percentage of total XP
 D = Non-vault monster count
 E = Vault monster count
 F = Vault count percentage of total count
                 A         B        C        D         E       F
            +---------+---------+-------+---------+---------+-------
      Total |     270 |     113 |  29.5 |      49 |      15 |  23.4
            +---------+---------+-------+---------+---------+-------
        D:1 |      31 |       0 |   0.0 |      17 |       0 |   0.0
        D:2 |      83 |      77 |  48.1 |      18 |      14 |  43.8
        D:3 |      34 |      36 |  51.4 |      13 |       1 |   7.1
        D:6 |     122 |       0 |   0.0 |       1 |       0 |   0.0
            +---------+---------+-------+---------+---------+-------

Illustrated notes

Table legend:
 A = Kills in this place as a percentage of kills in entire the game.
 B = Kills by you in this place as a percentage of kills by you in the entire game.
 C = Kills by friends in this place as a percentage of kills by friends in the entire game.
 D = Other kills in this place as a percentage of other kills in the entire game.
 E = Experience gained in this place as a percentage of experience gained in the entire game.
 F = Experience gained in this place divided by the number of levels of this place that you have seen.
                   A       B       C       D       E      F
               +-------+-------+-------+-------+-------+----------------------
         Total | 100.0 | 100.0 | 100.0 |   N/A | 100.0 |  95.8
       Dungeon | 100.0 | 100.0 | 100.0 |   N/A | 100.0 |  95.8
               +-------+-------+-------+-------+-------+----------------------

Table legend: (Time is in decaauts)
 A = Elapsed time spent in this place.
 B = Non-inter-level travel time spent in this place.
 C = Inter-level travel time spent in this place.
 D = Time resting spent in this place.
 E = Time spent auto-exploring this place.
 F = Levels seen in this place.
 G = Mean time per level.
                   A        B        C        D        E       F      G
               +--------+--------+--------+--------+--------+-----+--------+
         Total |   3642 |   3541 |    101 |     14 |   3020 |   4 |  910.5 |
       Dungeon |   3642 |   3541 |    101 |     14 |   3020 |   4 |  910.5 |
               +--------+--------+--------+--------+--------+-----+--------+

Top non-repeatable levels by time:
     D:2: 1759 daAuts
     D:1: 1451 daAuts
     D:3: 343 daAuts
     D:6: 87 daAuts
